 Dungeon Crawl Stone Soup version 0.14.2 (webtiles) character file.

20 glosham the Skirmisher (level 3, -1/29 HPs)
             Began as a Formicid Warper on Apr 11, 2017.
             Slain by a goblin
             ... wielding a +0,+2 dagger
              (3 damage)
             ... on Level 2 of the Dungeon.
             The game lasted 00:02:16 (56 turns).

glosham the Skirmisher (Formicid Warper)              Turns: 56, Time: 00:02:17

HP  -1/29        AC  3     Str 16      XL: 3   Next:  0%
MP   7/7         EV 11     Int 17      God:
Gold 0           SH  0     Dex 10      Spells:  1 memorised,  5 levels left

rFire  . . .     SeeInvis +     a - +0 mace
rCold  . . .     Clarity  .     b - +0 leather armour
rNeg   . . .     Conserve .     (no shield)
rPois  .         rCorr    .     (helmet unavailable)
rElec  .         rRot     .     (no cloak)
SustAb . .       Spirit   .     (no gloves)
rMut   .         Warding  .     (no boots)
Saprov . . .     Stasis   +     (no amulet)
MR     .....                    (no ring)
                                (no ring)

@: brilliant, not resistant to hostile enchantments, very unstealthy
A: permanent stasis, dig shafts and tunnels, four strong arms, antennae 3
a: Dig, Shaft Self


You were on level 2 of the Dungeon.
You were not hungry.

You visited 1 branch of the dungeon, and saw 2 of its levels.

Inventory:

Hand weapons
 a - a +0,+0 mace (weapon)
Missiles
 e - 15 darts (quivered)
 f - 10 darts of dispersal
Armour
 b - a +0 leather armour (worn)
Comestibles
 g - a bread ration
Books
 c - a book of Spatial Translocations

   Spells                             Type                      Level
   *Apportation                       Translocation                1
   Blink                              Translocation                2
   Shroud of Golubria                 Charms/Translocation         2
   Portal Projectile                  Translocation                3
   Teleport Other                     Translocation                3
   Passage of Golubria                Translocation                4


   Skills:
 * Level 3.5 Fighting
 - Level 2.0 Maces & Flails
 - Level 0.7 Throwing
 - Level 1.1 Armour
 - Level 1.7 Dodging
 - Level 2.1 Spellcasting
 - Level 2.6 Translocations


You had 5 spell levels left.
You knew the following spells:

 Your Spells              Type           Power        Failure   Level  Hunger
a - Apportation           Tloc           ###.......   1%          1    #......


Dungeon Overview and Level Annotations

Branches:
Dungeon (2/15)

Altars:


Innate Abilities, Weirdness & Mutations

Your are under a permanent stasis effect.
You can dig through walls and to a lower floor.
Your four strong arms can wield two-handed weapons with a shield.
You have a pair of large antennae on your head (SInv).


Message History

You closely miss Ijyb.
Ijyb is severely wounded.
Ijyb hits you but does no damage.
You hit Ijyb.
Ijyb is almost dead.
Ijyb hits you with a dagger.
* * * LOW HITPOINT WARNING * * *
Ijyb closely misses you.
You completely miss Ijyb.
Ijyb is almost dead.
Ijyb hits you but does no damage.
You barely miss Ijyb.
Ijyb is almost dead.
Ijyb hits you but does no damage.
You hit Ijyb.
You kill Ijyb!
Your Fighting skill increases to level 3!
You have reached level 2!
You hit the goblin.
You kill the goblin!
You hit the goblin.
The goblin is almost dead.
The goblin misses you. The goblin hits you with a club.
* * * LOW HITPOINT WARNING * * *
You completely miss the goblin.
The goblin is almost dead.
The goblin closely misses you.
You closely miss the goblin.
The goblin is almost dead.
The goblin barely misses you.
You sock the goblin!
You kill the goblin!
You have reached level 3!
Your experience leads to an increase in your attributes!
Increase (S)trength, (I)ntelligence, or (D)exterity?
You feel stronger.
You hit the goblin.
The goblin is heavily wounded.
The goblin hits you but does no damage. The goblin hits you with a dagger.
You die...

#.## ### ###...
..# .. ....#####.#
###.##.......#.#
.....##...###.#.#
#........#.g..g#
#........#.#.#g#
#...........{#@#
###....###.#####.#
.....<..gg.# #.#
#####......# ###
8.8.8..#.......
...g...#...####
..g....#...#
.............
.......##.##.


You could see 2 goblins.

Vanquished Creatures
  Ijyb (D:2)
  2 goblins (D:2)
3 creatures vanquished.

Notes
Turn   | Place    | Note
--------------------------------------------------------------
     0 | D:1      | glosham, the Formicid Warper, began the quest for the Orb.
     0 | D:1      | Reached XP level 1. HP: 16/16 MP: 3/3
     3 | D:1      | You fall through a shaft!
     3 | D:2      | Noticed Ijyb
    50 | D:2      | Killed Ijyb
    50 | D:2      | Reached skill level 3 in Fighting
    50 | D:2      | Reached XP level 2. HP: 4/24 MP: 5/5
    52 | D:2      | HP: 2/24 [goblin/club (3)]
    55 | D:2      | Reached XP level 3. HP: 2/29 MP: 7/7
    56 | D:2      | Slain by a goblin

Action                   || total
-------------------------++-------
Melee: Mace              ||    35
 Abil: Shaft Self        ||     1
  Use: Potion            ||     1

Table legend:
 A = Turns spent in this place as a percentage of turns spent in the entire game.
 B = Non-inter-level travel turns spent in this place as a percentage of non-inter-level travel turns spent in the entire game.
 C = Inter-level travel turns spent in this place as a percentage of turns spent in this place.
 D = Turns resting spent in this place as a percentage of non-inter-level travel turns spent in this place.
 E = Turns spent auto-exploring this place as a percentage of non-inter-level travel turns spent in this place.
 F = Non-inter-level travel turns spent in this place divided by the number of levels of this place that you've seen.
                   A       B       C       D       E      F
               +-------+-------+-------+-------+-------+----------------------
         Total | 100.0 | 100.0 |   0.0 |   0.0 |   0.0 |  29.5
       Dungeon | 100.0 | 100.0 |   0.0 |   0.0 |   0.0 |  29.5
               +-------+-------+-------+-------+-------+----------------------

Table legend:
 A = Kills in this place as a percentage of kills in entire the game.
 B = Kills by you in this place as a percentage of kills by you in the entire game.
 C = Kills by friends in this place as a percentage of kills by friends in the entire game.
 D = Other kills in this place as a percentage of other kills in the entire game.
 E = Experience gained in this place as a percentage of experience gained in the entire game.
 F = Experience gained in this place divided by the number of levels of this place that you have seen.
                   A       B       C       D       E      F
               +-------+-------+-------+-------+-------+----------------------
         Total | 100.0 | 100.0 |  -nan |  -nan | 100.0 |  14.5
       Dungeon | 100.0 | 100.0 |  -nan |  -nan | 100.0 |  14.5
               +-------+-------+-------+-------+-------+----------------------

Vault maps used:
D:1:      co_arrival_hall_of_pillars, fountainhead, minmay_cupped
D:2:      kennysheep_the_goblin_king, nicolae_overflow_hidden_temple,
          uniq_jessica
